 Dungeon Sprint DCSS version 0.30-a0-613-gdd512c7efb (webtiles) character file.

Game seed: 11653388557460990838

20167 mhtbhm the Brawler (level 12, 0/132 HPs)
             Began as a Troll Transmuter on Jan 8, 2023.
             Was an Initiate of Gozag.
             Slain by a black mamba (13 damage)
             ... in the Dungeon (Sprint III: "The Ten Rune Challenge").
             The game lasted 00:11:31 (2379 turns).

mhtbhm the Brawler (Troll Transmuter)               Turns: 2379, Time: 00:11:31

Health: 0/132      AC:  7    Str: 25    XL:     12   Next: 43%
Magic:  22/24      EV:  9    Int:  9    God:    Gozag
Gold:   5933       SH:  0    Dex: 10    Spells: 20/30 levels left

rFire   x . .      SeeInvis .      - Unarmed
rCold   + + +      Faith    .    (shield currently unavailable)
rNeg    . . .      Spirit   .    (body armour currently unavailable)
rPois   +          Reflect  .    (helmet currently unavailable)
rElec   .          Harm     .    (cloak currently unavailable)
rCorr   .          Rampage  .    (gloves unavailable)
Will    .....      NoTele   +    (boots unavailable)
Stlth   +++                      (no amulet)
HPRegen 1.22/turn                (no ring)
MPRegen 0.19/turn                (no ring)

@: ice-form, wereblooded (expiring), gold aura, constricted
A: freezing attack, amphibious, boosted hp, large, unfitting armour, (claws 3),
regeneration 1, (shaggy fur 1), (tough skin 1)
a: End Transformation, Renounce Religion, Potion Petition, Call Merchant, Bribe
Branch


You were in the Dungeon.
You worshipped Gozag.
Gozag was greatly pleased with you.
You were a creature of crystalline ice.
You visited 1 branch You collected 10225 gold pieces.
You spent 1914 gold pieces at shops.
You paid 2378 gold pieces to Gozag.

Inventory:

Missiles
 h - 7 curare-tipped darts
Armour
 a - a +0 robe (melded)
Jewellery
 C - the ring of the Little Devil {Fire Fly Int-2 Slay+2 Stlth+}
   (You found it in the Dungeon)

   [ring of fire]

   It enhances your fire magic.
   Int:       It affects your intelligence (-2).
   Slay:      It affects your accuracy & damage with ranged weapons and melee
   (+2).
   rF:        It protects you from fire.
   rC:        It makes you vulnerable to cold.
   Fly:       It grants you flight.
   Stlth:     It makes you more stealthy.
Wands
 z - a wand of flame (10)
 B - a wand of roots (3)
Scrolls
 i - 2 scrolls of magic mapping {unknown}
 l - a scroll of immolation {unknown}
 m - 2 scrolls of vulnerability {unknown}
 o - a scroll of torment {unknown}
 p - 2 scrolls of identify {unknown}
 s - a scroll of enchant weapon {unknown}
 t - a scroll of enchant armour {unknown}
 u - 2 scrolls of fear {unknown}
 x - 2 scrolls of blinking
 A - a scroll of fog {unknown}
Potions
 b - a potion of lignification
 c - 2 potions of curing
 d - 3 potions of heal wounds
 e - a potion of haste
 f - 3 potions of magic
 g - 2 potions of berserk rage
 j - 2 potions of degeneration {unknown}
 k - 3 potions of mutation {unknown}
 n - 3 potions of flight {unknown}
 r - a potion of attraction {unknown}
 v - a potion of resistance {unknown}
 w - a potion of might
Miscellaneous
 q - a condenser vane
 y - a phantom mirror


   Skills:
 + Level 4.9 Fighting
 + Level 8.5 Dodging
 + Level 6.5 Stealth
 + Level 20.5 Unarmed Combat
 + Level 9.6 Spellcasting
 + Level 10.2 Transmutations
 + Level 5.2 Ice Magic
 + Level 2.5 Evocations


You had 20 spell levels left.
You knew the following spells:

 Your Spells              Type           Power      Damage    Failure   Level
a - Beastly Appendage     Tmut           44%        N/A       1%          1
b - Wereblood             Tmut           22%        N/A       1%          2
c - Spider Form           Tmut/Pois      13%        N/A       5%          3
d - Ice Form              Ice/Tmut       18%        N/A       6%          4

Your spell library contained the following spells:

 Spells                   Type           Power      Damage    Failure   Level
 Apportation              Tloc           8%         N/A       16%         1
 Necrotise                Necr           16%        1d4       16%         1
 Summon Small Mammal      Summ           16%        N/A       16%         1
 Vhi's Electric Charge    Tloc/Air       8%         N/A       43%         3
 Arcjolt                  Conj/Air       2%         1d12      99%         5
 Maxwell's Capacitive Co  Air            2%         ∞         100%        8


Dungeon Overview and Level Annotations

Branches:
Dungeon (1/1)

Altars:
Cheibriados
Dithmenos
Elyvilon
Fedhas
Gozag
Hepliaklqana
Kikubaaqudgha
Makhleb
Nemelex Xobeh
Okawaru
Qazlal
Ru
Sif Muna
Trog
Uskayaw
Vehumet
Wu Jian
Xom
Yredelemnul
Zin
The Shining One
Jiyva
Lugonu

Shops:
D (***!=[?:([*:=?


Innate Abilities, Weirdness & Mutations

You are a creature of crystalline ice.
You have a powerful freezing melee attack.
You are amphibious.
Your maximum health is increased.
Your armour is entirely melded.
You are incapable of wielding weapons or throwing items.
You are too large for most types of armour.
((You have claws for hands.))
Your natural rate of healing is unusually fast.
((You are covered in fur. (AC +1)))
((You have tough skin. (AC +1)))


Message History

The anaconda grabs you. The anaconda closely misses you.
The anaconda constricts you.
* * * LOW HITPOINT WARNING * * *
Unknown command.
You pummel the anaconda!!
The anaconda seems to slow down.
You freeze the anaconda!
The anaconda is almost dead.
You howl as the wereblood boils in your veins!
The anaconda bites you!
* * * LOW HITPOINT WARNING * * *
The anaconda misses you. The anaconda constricts you.
* * * LOW HITPOINT WARNING * * *
You pulverise the anaconda!!!
You freeze the anaconda.
You feel a bit better.
You kill the anaconda!
The anaconda bites you!
* * * LOW HITPOINT WARNING * * *
The anaconda constricts you.
* * * LOW HITPOINT WARNING * * *
You closely miss the anaconda.
The anaconda is heavily wounded.
Your primal bloodlust is almost over.
The anaconda bites you!
* * * LOW HITPOINT WARNING * * *
The anaconda constricts you.
* * * LOW HITPOINT WARNING * * *
You feel much better. The anaconda bites you.
* * * LOW HITPOINT WARNING * * *
The anaconda constricts you.
* * * LOW HITPOINT WARNING * * *
The anaconda closely misses you. The anaconda constricts you.
* * * LOW HITPOINT WARNING * * *
You barely miss the anaconda.
The anaconda is heavily wounded.
The anaconda bites you!
* * * LOW HITPOINT WARNING * * *
The anaconda constricts you.
* * * LOW HITPOINT WARNING * * *
The black mamba bites you!
You die...
Your body crumbles into a pile of gold.

..##.##.#~~~~≈.☼.#)☼#...#.#§≈≈#
.##.##.##'~~~≈≈####'#####.#
≈§≈#
..#.##.).#~~...☼○§☼.#.....#
§§≈≈
♣.##.##..#≈..'#######..[.P# ≈≈≈
♣.##.#####...#..(...#..[..# §§
.....##......#♣♣♣._.#...[P# ≈
#######'#############'#####
#...........###.....+
#.........YS.##.#####
###########S.##.#$
##....SS.....##.# ###
#.......S...###.# ###∩∩
#..########## #.# ###.#.∩
#.S.SSS.... #.# ###...#.∩
##.S.SS.... #.#+#§....#∩∩
########## #.#§§§....#..
#.#§§§....###


You could see an anaconda and a black mamba (slow).

Vanquished Creatures
  Dowan (D)
  Erolcha (D)
  2 hydras (D)
  7 anacondas (D)
  Urug (D)
  A death drake (D)
  A spriggan druid (D)
  A lindwurm (D)
  An obsidian statue (D)
  A deep elf pyromancer (D)
  5 black mambas (D)
  2 cane toads (D)
  Duvessa (D)
  A komodo dragon (D)
  A rime drake (D)
  A queen bee (D)
  2 tyrant leeches (D)
  2 orc high priests (D)
  5 blink frogs (D)
  3 wandering mushrooms (D)
  2 spriggans (D)
  A shadow (D)
  5 redbacks (D)
  A spatial vortex (D)
  2 water moccasins (D)
  2 hydra simulacra (D)
  A swamp drake (D)
  2 orc warriors (D)
  5 two-headed ogres (D)
  A necrophage (D)
  A water elemental (D)
  A scorpion (D)
  28 killer bees (D)
  An electric eel (D)
  6 orc priests (D)
  A jelly (D)
  Jessica (D)
  A wizard (D)
  A necromancer (D)
  4 orc wizards (D)
  2 wolf simulacra (D)
  3 humans (D)
  A kobold demonologist (D)
  An adder (D)
  8 orcs (D)
  An endoplasm (D)
  2 rats (D)
125 creatures vanquished.

Vanquished Creatures (others)
  4 killer bees (D)
  7 plants (D)
11 creatures vanquished.

Grand Total: 136 creatures vanquished

Notes
Turn   | Place    | Note
-------+----------+-------------------------------------------
     0 | D        | mhtbhm the Troll Transmuter began the quest for the Orb.
     0 | D        | Reached XP level 1. HP: 18/18 MP: 1/1
    58 | D        | Noticed Jessica
    63 | D        | Killed Jessica
    64 | D        | Reached skill level 5 in Unarmed Combat
    64 | D        | Reached XP level 2. HP: 22/26 MP: 2/4
    64 | D        | Reached XP level 3. HP: 28/32 MP: 2/5
   196 | D        | Learned a level 2 spell: Wereblood
   200 | D        | Learned a level 3 spell: Spider Form
   218 | D        | Noticed a scorpion
   226 | D        | Killed a scorpion
   227 | D        | Reached skill level 6 in Unarmed Combat
   227 | D        | Reached XP level 4. HP: 29/40 MP: 3/7
   270 | D        | Noticed a water elemental
   275 | D        | Killed a water elemental
   276 | D        | Reached skill level 7 in Unarmed Combat
   276 | D        | Reached XP level 5. HP: 46/46 MP: 4/8
   310 | D        | Learned a level 4 spell: Ice Form
   313 | D        | Noticed a shadow
   317 | D        | Killed a shadow
   318 | D        | Reached skill level 9 in Unarmed Combat
   318 | D        | Reached XP level 6. HP: 54/54 MP: 5/11
   319 | D        | Reached skill level 1 in Stealth
   324 | D        | Found a blossoming altar of Fedhas.
   324 | D        | Found a stormy altar of Qazlal.
   325 | D        | Found a snail-covered altar of Cheibriados.
   325 | D        | Found a burning altar of Makhleb.
   325 | D        | Found a hazy altar of Hepliaklqana.
   325 | D        | Found a shimmering altar of Xom.
   325 | D        | Found an opulent altar of Gozag.
   325 | D        | Found a sparkling altar of Nemelex Xobeh.
   325 | D        | Found a corrupted altar of Lugonu.
   325 | D        | Found a viscous altar of Jiyva.
   325 | D        | Noticed a spatial vortex
   333 | D        | Killed a spatial vortex
   334 | D        | Reached skill level 10 in Unarmed Combat
   337 | D        | Became a worshipper of Gozag Ym Sagoz the Greedy
   388 | D        | Found a basalt altar of Yredelemnul.
   388 | D        | Found a shadowy altar of Dithmenos.
   388 | D        | Found a sacrificial altar of Ru.
   392 | D        | Reached XP level 7. HP: 59/61 MP: 7/12
   400 | D        | Found a hide-covered altar of Uskayaw.
   400 | D        | Found an iron altar of Okawaru.
   401 | D        | Found a bloodstained altar of Trog.
   401 | D        | Found an ornate altar of the Wu Jian Council.
   401 | D        | Noticed a human
   401 | D        | Noticed a human
   406 | D        | Killed a human
   407 | D        | Reached skill level 11 in Unarmed Combat
   407 | D        | Reached skill level 5 in Spellcasting
   407 | D        | Reached skill level 5 in Transmutations
   410 | D        | Killed a human
   466 | D        | Found a radiant altar of Vehumet.
   467 | D        | Found a shimmering blue altar of Sif Muna.
   467 | D        | Found an ancient bone altar of Kikubaaqudgha.
   469 | D        | Reached skill level 12 in Unarmed Combat
   478 | D        | Found a glowing silver altar of Zin.
   479 | D        | Found a glowing golden altar of the Shining One.
   479 | D        | Found a white marble altar of Elyvilon.
   479 | D        | Noticed a deep elf pyromancer
   488 | D        | Killed a deep elf pyromancer
   489 | D        | Reached XP level 8. HP: 68/68 MP: 12/15
   558 | D        | Reached skill level 13 in Unarmed Combat
   666 | D        | Noticed a two-headed ogre
   673 | D        | Killed a two-headed ogre
   674 | D        | Reached skill level 1 in Fighting
   674 | D        | Reached skill level 5 in Dodging
   720 | D        | Noticed Erolcha
   751 | D        | Noticed a two-headed ogre
   755 | D        | Killed Erolcha
   756 | D        | Reached skill level 14 in Unarmed Combat
   756 | D        | Reached skill level 1 in Ice Magic
   756 | D        | Reached XP level 9. HP: 76/76 MP: 11/18
   757 | D        | Killed a two-headed ogre
   758 | D        | Reached skill level 1 in Evocations
   826 | D        | Noticed a wandering mushroom
   832 | D        | Noticed a wandering mushroom
   834 | D        | Noticed a wandering mushroom
   963 | D        | Found Ycemaif's Weapon Boutique.
   970 | D        | Reached skill level 15 in Unarmed Combat
  1140 | D        | Noticed a queen bee
  1142 | D        | Reached XP level 10. HP: 87/87 MP: 15/20
  1265 | D        | Noticed a cane toad
  1265 | D        | Noticed a cane toad
  1266 | D        | Killed a cane toad
  1267 | D        | Reached skill level 16 in Unarmed Combat
  1270 | D        | Killed a cane toad
  1347 | D        | Reached skill level 17 in Unarmed Combat
  1357 | D        | Reached XP level 11. HP: 96/96 MP: 17/22
  1413 | D        | Noticed Dowan
  1413 | D        | Noticed Duvessa
  1420 | D        | Killed Dowan
  1421 | D        | Reached skill level 5 in Stealth
  1430 | D        | Killed Duvessa
  1583 | D        | Reached skill level 18 in Unarmed Combat
  1626 | D        | Noticed an obsidian statue
  1639 | D        | Killed an obsidian statue
  1664 | D        | Found Betior's Magic Scroll Emporium.
  1664 | D        | Found Otuigg's Armour Shop.
  1664 | D        | Found Ceumebbu's Antique Armour Boutique.
  1664 | D        | Found Ozuekoy's Magic Scroll Shoppe.
  1664 | D        | Found Roruni's Antique Weapon Emporium.
  1664 | D        | Found Onittek's Jewellery Shoppe.
  1664 | D        | Found Toluin's Jewellery Shop.
  1664 | D        | Found Nezxitt's Distillery.
  1664 | D        | Found Amek's Book Emporium.
  1664 | D        | Found Guefem's Assorted Antiques.
  1664 | D        | Found Nuitseochu's General Store.
  1702 | D        | Bought a potion of heal wounds for 120 gold pieces
  1702 | D        | Bought a viscous ruby potion for 21 gold pieces
  1702 | D        | Bought a scroll labelled ASHE BIOZINEROLL for 24 gold
                  | pieces
  1702 | D        | Bought a scroll labelled BOPESK SUFOUM for 24 gold pieces
  1702 | D        | Bought a scroll labelled JASSOM ZESTRE for 24 gold pieces
  1702 | D        | Bought a bubbling sapphire potion for 21 gold pieces
  1706 | D        | Bought a potion of might for 40 gold pieces
  1706 | D        | Bought a potion of heal wounds for 50 gold pieces
  1713 | D        | Bought 3 scrolls of blinking for 315 gold pieces
  1718 | D        | Bought a phantom mirror for 1000 gold pieces
  1718 | D        | Bought a jewelled glass wand for 100 gold pieces
  1718 | D        | Bought a scroll labelled SUICLE WAEVEI for 25 gold pieces
  1718 | D        | Bought a scroll labelled EVEEBUNUDUI for 25 gold pieces
  1718 | D        | Bought a glowing bone wand for 100 gold pieces
  1718 | D        | Bought a scroll labelled JASSOM ZESTRE for 25 gold pieces
  1817 | D        | Noticed a lindwurm
  1821 | D        | Killed a lindwurm
  1833 | D        | Noticed Urug
  1838 | D        | Killed Urug
  1881 | D        | Noticed a seven-headed hydra
  1881 | D        | Noticed a four-headed hydra
  1889 | D        | Killed a four-headed hydra
  1894 | D        | Killed a seven-headed hydra
  1895 | D        | Reached skill level 19 in Unarmed Combat
  1945 | D        | Noticed a death drake
  1953 | D        | Killed a death drake
  2013 | D        | Identified the ring of the Little Devil {Fire Fly Int-2
                  | Slay+2 Stlth+}
  2076 | D        | Found a blossoming altar of Fedhas.
  2076 | D        | Noticed a spriggan druid
  2081 | D        | Killed a spriggan druid
  2096 | D        | Noticed an anaconda
  2100 | D        | Killed an anaconda
  2107 | D        | Reached XP level 12. HP: 84/107 MP: 21/24
  2201 | D        | Noticed an anaconda
  2203 | D        | Noticed an anaconda
  2203 | D        | Noticed an anaconda
  2206 | D        | Killed an anaconda
  2208 | D        | Reached skill level 5 in Ice Magic
  2212 | D        | Killed an anaconda
  2213 | D        | Reached skill level 20 in Unarmed Combat
  2213 | D        | Reached skill level 10 in Transmutations
  2215 | D        | Killed an anaconda
  2353 | D        | Noticed an anaconda
  2353 | D        | Noticed an anaconda
  2353 | D        | Noticed an anaconda
  2354 | D        | Noticed an anaconda
  2354 | D        | Noticed an anaconda
  2370 | D        | Killed an anaconda
  2373 | D        | Killed an anaconda
  2376 | D        | Killed an anaconda
  2377 | D        | HP: 6/132 [constriction (3)]
  2379 | D        | Slain by a black mamba

Illustrated notes

Levels and vault maps discovered:
D:        dungeon_sprint_mu [sprint_mu_entry_cave, sprint_mu_temple_rooms,
          sprint_mu_d1_spiders, sprint_mu_d2_genie, sprint_mu_d3_branching,
          sprint_mu_orc_legion, sprint_mu_elf_gauntlet, sprint_mu_hive_nellie,
          sprint_mu_lair_fedhas, sprint_mu_vaults_butterflies,
          sprint_mu_slime_circle, sprint_mu_shoals_archi,
          sprint_mu_snake_twists, sprint_mu_blade_basic,
          sprint_mu_crypt_fortress, sprint_mu_tomb_spiral,
          sprint_mu_vestibule_basic, sprint_mu_gehenna_hellfire,
          sprint_mu_dis_giant, sprint_mu_tartarus_statrot,
          sprint_mu_cocytus_islands, sprint_mu_zot1]

Skill      XL: |  1  2  3  4  5  6  7  8  9 10 11 12 |
---------------+-------------------------------------+-----
Dodging        | 2 3 4 5 6 7 8 |  8.5
Unarmed Combat | 5 6 7 9 10 12 14 15 17 19 20 | 20.5
Spellcasting   | 2 3 4 5 6 7 8 9 |  9.6
Transmutations | 2 3 4 6 7 8 9 10 | 10.2
Stealth        | 1 2 3 4 5 6 |  6.5
Fighting       | 1 2 4 |  4.9
Ice Magic      | 1 2 3 4 5 |  5.2
Evocations     | 1 2 |  2.5

Action                   |  1- 3 |  4- 6 |  7- 9 | 10-12 || total
-------------------------+-------+-------+-------+-------++-------
Melee: Unarmed           |    26 |    14 |    60 |   185 ||   285
       Kick              |     2 |     3 |     3 |       ||     8
       Headbutt          |       |     4 |     1 |       ||     5
       Punch             |       |       |     2 |     2 ||     4
 Cast: Beastly Appendage |     3 |     4 |     1 |       ||     8
       Wereblood         |     1 |     3 |     6 |    13 ||    23
       Ice Form          |       |       |     6 |    12 ||    18
Invok: Call Merchant     |       |       |       |     3 ||     3
Evoke: Condenser vane    |       |       |     5 |     3 ||     8
       Wand              |       |       |       |     4 ||     4
  Use: Potion            |       |     1 |       |     2 ||     3
       Scroll            |       |       |     1 |     1 ||     2
 Stab: Sleeping          |       |       |     3 |     5 ||     8
       Distracted        |       |       |       |     5 ||     5
       Confused          |       |       |       |     2 ||     2
Armor: Robe              |     3 |     1 |       |       ||     4
       Skin              |       |       |     2 |    26 ||    28
Dodge: Dodged            |    11 |     5 |    23 |    66 ||   105

Table legend: (Time is in decaauts)
 A = Elapsed time spent in this place.
 B = Non-inter-level travel time spent in this place.
 C = Inter-level travel time spent in this place.
 D = Time resting spent in this place.
 E = Time spent auto-exploring this place.
 F = Levels seen in this place.
 G = Mean time per level.
                   A        B        C        D        E       F      G
               +--------+--------+--------+--------+--------+-----+--------+
         Total |   2310 |   2310 |      0 |    962 |     38 |   1 | 2310.0 |
       Dungeon |   2310 |   2310 |      0 |    962 |     38 |   1 | 2310.0 |
               +--------+--------+--------+--------+--------+-----+--------+

Top non-repeatable levels by time:
       D: 2310 daAuts
